General information
- name: BNet
- type: Ladder team game (AT/RT)
- host: Battle.net
- saver: kunt.roII
map: Monsoon
- players: 6
- length: 25:16
- speed: Fast
- version: 1.21 W3XP
- replay type: Public
» download(154 KB)
Players
team 1 (winner)

»
Ghandi23 (
purple | 63 APM | 1592 actions | 25:15)
4 Archmage
2 Blizzard
2 Brilliance Aura
1 Blood Mage
1 Flame Strike
» actions
| Assign group hotkey | 4 | |
| Basic commands | 33 | |
| Build / train | 86 | |
| ESC pressed | 5 | |
| Enter build submenu | 42 | |
| Enter hero's abilities submenu | 5 | |
| Give item / drop item | 1 | |
| Remove unit from queue | 1 | |
| Right click | 745 | |
| Select / deselect | 244 | |
| Select group hotkey | 317 | |
| Use ability | 109 | |
1592 total
» units
| Peasant | 26 | |
| Sorceress | 2 | |
| Priest | 2 | |
| Dragonhawk Rider | 2 | |
32 total
» upgrades
| Masonry | 2 | |
| Magic Sentry | 1 | |
| Lumber Harvesting | 1 | |
| Sorceress Training | 2 | |
| Priest Training | 2 | |
| Cloud | 1 | |
9 total
» buildings
| Altar of Kings | 1 | |
| Farm | 5 | |
| Lumber Mill | 1 | |
| Scout Tower | 45 | |
| Guard Tower | 14 | |
| Arcane Tower | 11 | |
| Keep | 1 | |
| Town Hall | 1 | |
| Arcane Sanctum | 1 | |
| Gryphon Aviary | 2 | |
| Castle | 1 | |
| Arcane Vault | 1 | |
84 total
» build order
00:08 Altar of Kings
00:14 Farm
00:36 Lumber Mill
01:25 Scout Tower
01:36 Scout Tower
01:46 Farm
02:00 Guard Tower
02:04 Scout Tower
02:19 Scout Tower
02:27 Scout Tower
02:35 Scout Tower
02:36 Arcane Tower
02:40 Scout Tower
03:13 Guard Tower
03:14 Guard Tower
03:34 Arcane Tower
03:50 Scout Tower
03:50 Scout Tower
03:51 Scout Tower
04:02 Scout Tower
04:04 Scout Tower
04:18 Guard Tower
04:24 Guard Tower
04:31 Guard Tower
04:40 Arcane Tower
04:53 Farm
05:08 Scout Tower
05:09 Scout Tower
05:10 Scout Tower
05:11 Scout Tower
05:13 Scout Tower
05:38 Scout Tower
05:39 Scout Tower
05:41 Scout Tower
05:44 Scout Tower
06:02 Guard Tower
06:03 Guard Tower
06:27 Arcane Tower
07:02 Scout Tower
07:03 Scout Tower
07:04 Scout Tower
07:17 Scout Tower
07:19 Scout Tower
07:26 Scout Tower
07:26 Scout Tower
07:28 Scout Tower
07:28 Scout Tower
07:30 Scout Tower
07:31 Scout Tower
07:51 Guard Tower
08:00 Arcane Tower
08:17 Keep
09:48 Guard Tower
09:59 Town Hall
10:18 Scout Tower
10:59 Scout Tower
11:00 Guard Tower
11:58 Arcane Sanctum
11:59 Guard Tower
12:03 Arcane Tower
13:19 Scout Tower
13:21 Scout Tower
13:24 Scout Tower
13:27 Scout Tower
13:45 Scout Tower
13:46 Scout Tower
13:47 Scout Tower
13:49 Scout Tower
13:51 Scout Tower
13:52 Scout Tower
13:54 Scout Tower
14:08 Gryphon Aviary
14:10 Gryphon Aviary
14:26 Guard Tower
14:38 Arcane Tower
15:29 Guard Tower
17:32 Arcane Tower
17:54 Castle
18:01 Arcane Vault
18:08 Arcane Tower
18:10 Arcane Tower
18:15 Arcane Tower
18:17 Farm
18:18 Farm
» items
| Healing Salve | 3 | |
| Staff of Teleportation | 2 | |
| Orb of Lightning | 2 | |
| Potion of Healing | 1 | |
| Boots of Speed | 1 | |
| Periapt of Vitality | 1 | |
10 total
Gobiner (
green | 49 APM | 1245 actions | 25:15)
4 Blademaster
2 Wind Walk
2 Critical Strike
» actions
| Assign group hotkey | 14 | |
| Basic commands | 6 | |
| Build / train | 61 | |
| Enter build submenu | 47 | |
| Enter hero's abilities submenu | 4 | |
| Give item / drop item | 3 | |
| Right click | 535 | |
| Select / deselect | 193 | |
| Select group hotkey | 262 | |
| Use ability | 120 | |
1245 total
» units
» upgrades
| Spiked Barricades | 1 | |
| Liquid Fire | 1 | |
| Reinforced Defenses | 1 | |
| Ranged Weapons | 3 | |
| Armor | 2 | |
| Pillage | 1 | |
| Troll Regeneration | 1 | |
| Burning Oil | 1 | |
11 total
» buildings
| Altar of Storms | 1 | |
| Orc Burrow | 4 | |
| War Mill | 1 | |
| Watch Tower | 40 | |
| Voodoo Lounge | 2 | |
| Stronghold | 1 | |
| Fortress | 1 | |
| Beastiary | 2 | |
| Great Hall | 1 | |
| Barracks | 1 | |
54 total
» build order
00:08 Altar of Storms
00:17 Orc Burrow
00:28 War Mill
01:42 Watch Tower
01:55 Watch Tower
02:04 Orc Burrow
02:30 Watch Tower
02:45 Watch Tower
03:15 Watch Tower
03:18 Watch Tower
03:40 Watch Tower
04:05 Watch Tower
04:23 Voodoo Lounge
04:25 Voodoo Lounge
04:46 Stronghold
05:15 Watch Tower
05:22 Watch Tower
05:30 Watch Tower
05:44 Watch Tower
05:59 Watch Tower
06:03 Watch Tower
06:59 Watch Tower
07:01 Watch Tower
07:05 Watch Tower
07:06 Watch Tower
07:08 Fortress
07:11 Beastiary
07:18 Beastiary
08:15 Watch Tower
08:16 Watch Tower
10:16 Watch Tower
10:17 Watch Tower
10:38 Watch Tower
10:41 Watch Tower
11:25 Watch Tower
11:52 Watch Tower
11:57 Watch Tower
12:05 Orc Burrow
12:07 Orc Burrow
17:47 Watch Tower
17:47 Watch Tower
17:48 Watch Tower
18:35 Great Hall
19:36 Watch Tower
19:36 Watch Tower
19:37 Watch Tower
19:37 Watch Tower
19:38 Watch Tower
19:40 Watch Tower
19:41 Watch Tower
21:26 Watch Tower
21:27 Watch Tower
21:27 Watch Tower
21:32 Barracks
» items
| Staff of Teleportation | 1 | |
| Boots of Speed | 1 | |
| Healing Salve | 2 | |
| Lesser Clarity Potion | 3 | |
| Potion of Mana | 3 | |
| Potion of Healing | 1 | |
| Orb of Lightning | 2 | |
13 total
kunt.roII (
pink | 111 APM | 2811 actions | 25:16)
6 Dreadlord
2 Sleep
2 Vampiric Aura
2 Carrion Swarm
3 Lich
2 Frost Nova
1 Frost Armor
» actions
| Assign group hotkey | 13 | |
| Basic commands | 63 | |
| Build / train | 89 | |
| ESC pressed | 2 | |
| Enter build submenu | 12 | |
| Enter hero's abilities submenu | 9 | |
| Give item / drop item | 9 | |
| Right click | 1455 | |
| Select / deselect | 246 | |
| Select group hotkey | 782 | |
| Use ability | 131 | |
2811 total
» units
| Acolyte | 11 | |
| Ghoul | 10 | |
| Obsidian Statue | 2 | |
| Crypt Fiend | 5 | |
28 total
» upgrades
| Ghoul Frenzy | 1 | |
| Web | 1 | |
| Unholy Strength | 2 | |
| Burrow | 1 | |
| Creature Attack | 1 | |
| Creature Carapace | 1 | |
| Unholy Armor | 1 | |
8 total
» buildings
| Altar of Darkness | 1 | |
| Crypt | 1 | |
| Ziggurat | 4 | |
| Tomb of Relics | 1 | |
| Graveyard | 1 | |
| Halls of the Dead | 2 | |
| Black Citadel | 1 | |
| Slaughterhouse | 1 | |
| Necropolis | 1 | |
| Nerubian Tower | 1 | |
| Sacrificial Pit | 1 | |
15 total
» build order
00:10 Altar of Darkness
00:15 Crypt
00:31 Ziggurat
01:00 Tomb of Relics
01:31 Ziggurat
03:56 Graveyard
04:33 Halls of the Dead
04:33 Halls of the Dead
07:18 Black Citadel
08:02 Slaughterhouse
08:17 Necropolis
08:18 Ziggurat
08:19 Ziggurat
18:08 Nerubian Tower
19:44 Sacrificial Pit
» items
| Rod of Necromancy | 2 | |
| Staff of Teleportation | 3 | |
| Potion of Healing | 5 | |
| Orb of Corruption | 2 | |
| Potion of Mana | 4 | |
| Scroll of Healing | 1 | |
| Potion of Invisibility | 1 | |
| Potion of Lesser Invulnerability | 1 | |
| Boots of Speed | 1 | |
| Orb of Lightning | 1 | |
| Lesser Clarity Potion | 3 | |
| Healing Salve | 2 | |
| Tome of Retraining | 1 | |
| Circlet of Nobility | 2 | |
| Scroll of Speed | 1 | |
| Dust of Appearance | 1 | |
| Scroll of Town Portal | 2 | |
| Staff of Sanctuary | 1 | |
34 total
team 2 (loser)

»
BaDTBoNe (
orange | 67 APM | 1509 actions | 22:39)
4 Tauren Chieftain
2 War Stomp
2 Endurance Aura
2 Shadow Hunter
1 Hex
1 Healing Wave
» actions
| Assign group hotkey | 40 | |
| Basic commands | 17 | |
| Build / train | 59 | |
| Enter build submenu | 14 | |
| Enter hero's abilities submenu | 7 | |
| Give item / drop item | 2 | |
| Remove unit from queue | 1 | |
| Right click | 555 | |
| Select / deselect | 230 | |
| Select group hotkey | 503 | |
| Use ability | 81 | |
1509 total
» units
| Peon | 7 | |
| Grunt | 10 | |
| Demolisher | 8 | |
| Troll Batrider | 5 | |
| Raider | 5 | |
35 total
» upgrades
| Pillage | 1 | |
| Melee Weapons | 1 | |
| Armor | 1 | |
| Berserker Strength | 1 | |
| Ranged Weapons | 1 | |
| Burning Oil | 1 | |
| Liquid Fire | 1 | |
| Ensnare | 1 | |
8 total
» buildings
| Altar of Storms | 2 | |
| Orc Burrow | 6 | |
| Barracks | 1 | |
| Voodoo Lounge | 1 | |
| War Mill | 1 | |
| Stronghold | 1 | |
| Beastiary | 2 | |
| Fortress | 1 | |
| Great Hall | 1 | |
16 total
» build order
00:15 Altar of Storms
00:18 Orc Burrow
01:23 Barracks
01:36 Orc Burrow
01:51 Orc Burrow
02:02 Voodoo Lounge
03:13 War Mill
05:47 Orc Burrow
06:13 Stronghold
07:57 Orc Burrow
08:50 Beastiary
08:52 Beastiary
10:11 Fortress
10:13 Orc Burrow
18:13 Great Hall
21:01 Altar of Storms
» items
| Boots of Speed | 1 | |
| Dust of Appearance | 1 | |
| Healing Salve | 2 | |
| Lesser Clarity Potion | 1 | |
| Scroll of Town Portal | 1 | |
6 total

»
Empire (
teal | 59 APM | 1502 actions | 25:14)
4 Goblin Alchemist
2 Acid Bomb
2 Chemical Rage
» actions
| Assign group hotkey | 44 | |
| Basic commands | 23 | |
| Build / train | 68 | |
| Enter build submenu | 33 | |
| Enter hero's abilities submenu | 4 | |
| Right click | 813 | |
| Select / deselect | 260 | |
| Select group hotkey | 160 | |
| Use ability | 97 | |
1502 total
» units
| Peasant | 17 | |
| Rifleman | 13 | |
| Gnoll Warden | 1 | |
| Priest | 4 | |
| Siege Engine | 4 | |
39 total
» upgrades
| Gunpowder | 3 | |
| Masonry | 3 | |
| Armor | 2 | |
| Lumber Harvesting | 1 | |
| Long Rifles | 1 | |
| Priest Training | 2 | |
| Magic Sentry | 1 | |
| Plating | 2 | |
| Barrage | 1 | |
16 total
» buildings
| Farm | 10 | |
| Blacksmith | 1 | |
| Barracks | 1 | |
| Altar of Kings | 1 | |
| Scout Tower | 8 | |
| Arcane Tower | 1 | |
| Lumber Mill | 1 | |
| Keep | 1 | |
| Guard Tower | 4 | |
| Castle | 1 | |
| Arcane Sanctum | 2 | |
| Arcane Vault | 1 | |
| Town Hall | 1 | |
| Workshop | 2 | |
35 total
» build order
00:07 Farm
01:09 Blacksmith
01:13 Barracks
01:18 Altar of Kings
01:53 Farm
04:10 Scout Tower
04:39 Arcane Tower
04:43 Farm
05:05 Lumber Mill
05:16 Scout Tower
05:48 Farm
06:14 Farm
06:21 Scout Tower
07:00 Keep
07:21 Guard Tower
07:25 Guard Tower
08:09 Scout Tower
09:49 Castle
09:54 Guard Tower
09:58 Arcane Sanctum
12:01 Arcane Vault
12:22 Farm
12:24 Farm
12:27 Farm
12:29 Farm
12:32 Farm
13:32 Arcane Sanctum
14:58 Scout Tower
15:02 Scout Tower
16:52 Town Hall
17:39 Workshop
17:40 Workshop
18:03 Guard Tower
23:24 Scout Tower
23:27 Scout Tower
» items

»
sk8er_69_ (
yellow | 49 APM | 1222 actions | 25:08)
4 Blademaster
2 Wind Walk
2 Critical Strike
3 Shadow Hunter
2 Hex
1 Healing Wave
» actions
| Basic commands | 26 | |
| Build / train | 78 | |
| ESC pressed | 1 | |
| Enter build submenu | 20 | |
| Enter hero's abilities submenu | 7 | |
| Give item / drop item | 4 | |
| Right click | 664 | |
| Select / deselect | 340 | |
| Use ability | 82 | |
1222 total
» units
| Peon | 16 | |
| Grunt | 6 | |
| Wind Rider | 9 | |
| Shaman | 7 | |
| Demolisher | 7 | |
45 total
» upgrades
| Melee Weapons | 1 | |
| Armor | 1 | |
| Berserker Strength | 1 | |
| Shaman Training | 2 | |
| Envenomed Spears | 1 | |
| Ranged Weapons | 1 | |
| Burning Oil | 1 | |
8 total
» buildings
| Altar of Storms | 1 | |
| Orc Burrow | 9 | |
| Barracks | 1 | |
| War Mill | 1 | |
| Voodoo Lounge | 1 | |
| Stronghold | 3 | |
| Beastiary | 1 | |
| Watch Tower | 1 | |
| Fortress | 1 | |
| Spirit Lodge | 1 | |
| Great Hall | 1 | |
21 total
» build order
00:16 Altar of Storms
00:19 Orc Burrow
01:25 Barracks
02:03 Orc Burrow
02:09 War Mill
02:12 Voodoo Lounge
02:35 Orc Burrow
03:43 Stronghold
03:44 Stronghold
05:06 Orc Burrow
06:15 Beastiary
07:52 Watch Tower
08:02 Orc Burrow
08:03 Orc Burrow
10:44 Fortress
10:52 Orc Burrow
10:55 Spirit Lodge
10:58 Orc Burrow
11:02 Orc Burrow
12:47 Great Hall
» items
| Potion of Healing | 2 | |
| Potion of Mana | 1 | |
| Lesser Clarity Potion | 4 | |
| Healing Salve | 1 | |
| Orb of Lightning | 2 | |
| Tiny Great Hall | 1 | |
| Scroll of Town Portal | 1 | |
12 total
Chat log
(10:20 / All) sk8er_69_: OWNED NOOB FUCKL
(10:26 / All) sk8er_69_: L2 FUCKING MICRO\
(10:28 / All) sk8er_69_: TOWER FUCKING NOOBS
(10:34 / All) kunt.roII: me?
(10:38 / All) sk8er_69_: stfu
(10:40 / All) sk8er_69_: your not worthy
(11:35 / Allies) kunt.roII: welp
(12:39 / All) sk8er_69_: gg noobs
(12:42 / All) kunt.roII: g
(12:42 / Allies) kunt.roII: g
(12:43 / All) kunt.roII: G
(13:28 / All) BaDTBoNe: NT
(13:30 / All) BaDTBoNe: MH
(13:32 / All) BaDTBoNe: NOOB
(13:34 / All) kunt.roII: aye
(17:03 / All) kunt.roII: L
(17:04 / All) kunt.roII: 2
(17:08 / All) kunt.roII: MICRO?
(22:16 / All) kunt.roII: nice one
(22:16 / All) Gobiner: great job
(22:21 / All) sk8er_69_: Stfu
(22:23 / All) sk8er_69_: you guys cant even talk
(22:25 / All) sk8er_69_: your fucking towers
(22:28 / All) sk8er_69_: stupid fucks
(22:31 / All) Gobiner: my fucking towers?
(22:33 / All) Ghandi23: me?
(22:34 / All) sk8er_69_: fuckign ignorant people
(22:39 / All) kunt.roII: heres yellow
(22:42 / All) sk8er_69_: YOU ARE TOWERING
(22:43 / Allies) kunt.roII: calling inanimate objects stupid
(22:43 / All) sk8er_69_: sTFU
(22:44 / All) sk8er_69_: YOU STUPID
(22:45 / All) sk8er_69_: FUCKS
(22:46 / All) Gobiner: I'm well versed in the english language
(22:46 / All) kunt.roII: ? ? ?
(22:50 / All) Gobiner: 2ez nubs
(22:52 / All) kunt.roII: bye
(23:12 / All) kunt.roII: maybe you should make like BaDTBoNe
(23:15 / All) kunt.roII: and leave
(23:31 / All) sk8er_69_: Stfu
(23:34 / All) sk8er_69_: your fucking ignorant
(23:39 / All) sk8er_69_: moron
(23:40 / All) kunt.roII: you're